AoeStats
← djd1993

Nomad

503631977Analyzed
1v1 RM · 1mo ago on Sep 1, 2026· 55m 21s· 2 players
Game mode
Random Map
Map size
126×126
Population
200
Speed
Normal
Resources
Standard
Victory
Conquest
Starting age
Dark Age
Ending age
Imperial Age
RankedLock teamsTeams togetherTeam positionsShared explorationLock speedFull tech treeHidden civsTurbo modeCheats
Victory
Defeat
🇬🇧 Burmese · United Kingdom
758
+16
🇺🇸 Persians · United States
767
-16
djd1993
14:13 Feudal Age
15:09 Man-at-Arms
20:52 Castle Age
21:38 Forging
23:31 Elite Skirmisher
23:43 Long Swordsman
27:53 Arson
28:03 Fletching
28:50 Iron Casting
28:28 Fishing Lines
29:54 Wheelbarrow
29:16 Gold Mining
30:03 Ballistics
30:52 Town Watch
32:19 Bodkin Arrow
36:54 Imperial Age
35:30 Horse Collar
36:34 Gold Shaft Mining
37:05 Two-Handed Swordsman
39:28 Blast Furnace
39:43 Champion
40:29 Scale Mail Armor
41:47 Conscription
46:32 Chain Mail Armor
48:11 Squires
48:46 Plate Mail Armor
harpua44
10:03 Loom
15:39 Feudal Age
24:23 Castle Age
24:12 Double-Bit Axe
24:50 Fletching
26:07 Bow Saw
27:53 Bodkin Arrow
28:45 Gold Mining
30:36 Horse Collar
31:41 Wheelbarrow
31:43 Ballistics
32:46 Light Cavalry
36:13 Husbandry
36:52 Bloodlines
36:50 Scale Barding Armor
37:44 Gold Shaft Mining
40:39 Imperial Age
39:55 Chain Barding Armor
41:47 Hand Cart
41:17 Town Watch
41:52 Town Watch
42:20 Forging
43:45 Cavalier
47:32 Chemistry
51:40 Hussar
Connection lost

Rejoining the realm…

Still unreachable

The connection could not be restored.

Session expired

The server has moved on; the page needs a fresh start.